Map: Central Protocol

Players

Avokado

  • Race: Terran Terran
  • League: Master

Solar - Winner!

  • Race: Zerg Zerg
  • League: Gold

Event: DreamHack ROCCAT LotV Championship

VOD

Have the link to the VOD?

Description

Time

  • Played on: Nov. 26, 2015, 8 a.m.
  • Length: 8:10

All games in this series

Show
View Real Time Build Order
Export as new Build Order

Avokado Terran 

Build Orders:  

Get SALT Encoding   

  12  0:00  SCV  
  13  0:12  SCV  
  14  0:17  Supply Depot  
  14  0:24  SCV  
  15  0:39  SCV  
  15  0:40  Barracks  
  16  0:44  Refinery  
  16  0:51  SCV  
  17  0:59  Barracks  
  17  1:03  SCV  
  18  1:17  Barracks  
  18  1:20  SCV  
  19  1:27  Reaper  
  20  1:32  Refinery  
  20  1:36  SCV  
  21  1:47  Supply Depot  
  21  1:49  Reaper  
  21  1:53  SCV  
  23  2:09  SCV, Reaper  
  23  2:12  Reaper  
  26  2:21  Reaper, Orbital Command  
  27  2:32  Supply Depot  
  27  2:41  Reaper  
  27  2:44  Reaper  
  29  2:53  SCV, Reaper  
  30  3:15  Reaper  
  30  3:16  SCV, Reaper  
  32  3:25  Command Center, Reaper  
  33  3:28  SCV  
  33  3:34  Supply Depot  
  34  3:40  SCV  
  35  3:47  Reaper  
  35  3:50  Reaper  
  32  4:10  SCV  
  32  4:14  Command Center  
  33  4:19  Command Center  
  33  4:22  SCV  
  36  4:25  Marine  
  36  4:26  Barracks Tech Lab  
  36  4:27  Marine  
  36  4:30  Engineering Bay  
  35  4:32  Engineering Bay  
  35  4:35  SCV  
  36  4:42  Marine  
  36  4:45  Marine  
  38  4:46  Stimpack  
  38  4:47  SCV  
  39  4:59  SCV  
  40  5:02  Marauder, Marine  
  43  5:08  Terran Infantry Weapons Level 1  
  43  5:10  Terran Infantry Armor Level 1  
  43  5:12  Marine  
  44  5:17  SCV  
  44  5:19  Marine  
  46  5:26  Factory, Marauder  
  48  5:30  Orbital Command  
  48  5:33  Marine  
  49  5:42  SCV, Marine  
  50  5:48  Marauder  
  52  5:51  Marine  
  50  6:07  SCV  
  50  6:08  Marine  
  50  6:09  Marine  
  50  6:10  Orbital Command  
  45  6:23  SCV  
  34  6:26  Marine  
  34  6:27  Marauder  
  34  6:32  SCV  
  32  6:35  SCV  
  32  6:38  Factory Tech Lab  
  30  6:43  SCV  
  30  6:44  Marine  
  32  6:52  Marauder  
  32  6:53  SCV  
  35  6:59  Siege Tank  
  38  7:01  SCV  
  38  7:05  Marine  
  40  7:13  Marine  
  40  7:19  SCV  
  41  7:23  Marine  
  42  7:30  SCV  
  42  7:31  Siege Tank, Marine  
  47  7:41  Marine  
  36  7:49  Marine  
Show
View Real Time Build Order
Export as new Build Order

Solar Zerg - Winner!

Build Orders: Pool First 

Get SALT Encoding   

  12  0:01  Drone  
  13  0:12  Overlord  
  13  0:17  Drone  
  14  0:30  Drone x2  
  14  0:34  Drone  
  17  0:38  Extractor  
  16  0:46  Drone  
  16  0:49  Spawning Pool  
  16  0:55  Drone  
  17  1:16  Hatchery  
  16  1:21  Drone  
  16  1:23  Drone  
  18  1:36  Queen  
  20  1:42  Metabolic Boost  
  20  1:46  Drone  
  21  1:51  Overlord  
  21  1:55  Drone  
  22  2:11  Queen, Zergling x4  
  26  2:22  Overlord  
  26  2:28  Zergling x2  
  27  2:34  Queen, Zergling x2  
  30  2:40  Zergling x2  
  30  2:43  Zergling x2  
  32  2:46  Zergling x4  
  34  2:51  Zergling x2  
  34  2:54  Zergling x2  
  36  3:03  Zergling x2  
  37  3:12  Zergling x4  
  37  3:17  Zergling x2  
  37  3:18  Zergling x6  
  39  3:20  Zergling x2  
  39  3:21  Zergling x2  
  39  3:24  Drone  
  39  3:26  Drone  
  42  3:28  Drone  
  43  3:36  Overlord  
  43  3:38  Overlord  
  39  3:52  Drone x3  
  39  3:53  Drone  
  39  3:55  Extractor  
  41  3:59  Roach Warren  
  41  4:00  Drone  
  41  4:01  Drone  
  40  4:03  Drone  
  40  4:09  Drone  
  38  4:11  Zergling x4  
  38  4:16  Overlord  
  40  4:22  Zergling x2  
  41  4:25  Overlord  
  41  4:42  Roach  
  41  4:43  Roach x4  
  41  4:44  Extractor  
  50  4:46  Roach  
  50  4:49  Roach  
  54  4:58  Roach  
  55  5:02  Drone x4  
  55  5:05  Drone  
  60  5:07  Zergling x2  
  60  5:09  Zergling x2  
  60  5:12  Ravager x2  
  64  5:16  Zergling x4  
  64  5:18  Ravager  
  67  5:23  Overlord  
  67  5:26  Zergling x2  
  68  5:33  Zergling x8  
  68  5:34  Ravager  
  73  5:38  Overlord  
  73  5:40  Ravager  
  73  5:48  Zergling x2  
  72  5:52  Zergling x2  
  72  5:53  Zergling x2  
  72  6:00  Zergling x2  
  71  6:09  Ravager  
  70  6:14  Zergling x2  
  70  6:15  Zergling x4  
  71  6:24  Zergling x8  
  53  6:34  Roach x3  
  53  6:36  Roach  
  60  6:41  Roach  
  60  6:43  Roach  
  64  6:50  Drone x2  
  66  6:58  Drone x2  
  66  6:59  Drone x3  
  70  7:17  Zergling x2  
  70  7:18  Zergling x8  
  76  7:23  Ravager x6  
  76  7:24  Overlord  
  76  7:29  Zergling x2  
  82  7:34  Zergling x2  
  80  7:41  Zergling x2  
  70  7:49  Zergling x8  

Tags
 
Add a new tag
Caveats
  • Supply blocks, unpowered buildings, or Contaminate may cause inaccurate times.
  • Supply counts are checked every 10 seconds.